 Dungeon Crawl Stone Soup version 0.30.0 (webtiles) character file.

Game seed: 6128594570303024046

307624 realgeorgebush46 the Conqueror (level 20, -1/216 HPs)
             Began as a Minotaur Berserker on July 19, 2023.
             Was the Champion of Trog.
             Slain by a titanic slime creature (74 damage)
             ... summoned by a boggart
             ... on level 2 of the Vaults.
             The game lasted 02:04:55 (46945 turns).

realgeorgebush46 the Conqueror (MiBe)              Turns: 46945, Time: 02:04:56

Health: -1/216     AC: 29    Str: 30    XL:     20   Next: 33%
Magic:  19/19      EV: 10    Int:  4    God:    Trog [******]
Gold:   2115       SH: 21    Dex: 14    Spells: 19/19 levels left

rFire   + . .        e - +9 demon whip (vamp)
rCold   + + .        A - +0 kite shield {AC+3}
rNeg    . . .        Q - +0 plate armour {Will+}
rPois   +            w - +2 hat
rElec   +            l - scarf {repulsion}
rCorr   .            (no gloves)
SInv    .            o - +2 pair of boots of Temperance {rC++}
Will    ++...        d - amulet of reflection Stlth
                     U - ring of protection from fire
HPRegen 0.56/turn    b - ring "Qeokh" {Fly rElec rPois Dex+3}
MPRegen 0.16/turn

%: repel missiles, reflection
@: marked, on berserk cooldown, flying, studying 2 skills
A: horns 2, retaliatory headbutt
}: 2/15 runes: decaying, serpentine
a: Renounce Religion, Berserk, Trog's Hand, Brothers in Arms


You were on level 2 of the Vaults.
You worshipped Trog.
Trog was exalted by your worship.
You visited 7 branches of the dungeon, and saw 35 of its levels.
You visited the Abyss 1 time.
You visited 1 bazaar.
You also visited: Sewer and Ossuary.

You collected 4342 gold pieces.
You spent 2227 gold pieces at shops.

Inventory:

Hand Weapons
 e - a +9 vampiric demon whip (weapon)
Armour
 l - a scarf of repulsion (worn)
 o - the +2 pair of boots of Temperance (worn) {rC++}
   (You acquired it in a bazaar)

   rC:        It greatly protects you from cold.
 s - a +2 cloak
 w - a +2 hat (worn)
 A - a +0 kite shield of protection (worn)
 Q - a +0 plate armour of willpower (worn)
Jewellery
 a - a +6 ring of strength
 b - the ring "Qeokh" (right hand) {Fly rElec rPois Dex+3}
   (You found it on level 3 of the Elven Halls)

   [ring of flight]

   Dex:       It affects your dexterity (+3).
   rElec:     It insulates you from electricity.
   rPois:     It protects you from poison.
   Fly:       It grants you flight.
 d - an amulet of reflection (around neck)
 h - a ring of willpower
 i - a +5 ring of evasion
 j - a ring of fire
 v - a ring of willpower
 y - an amulet of the acrobat
 K - a +5 ring of evasion
 P - a ring of see invisible
 R - a +6 ring of strength
 U - a ring of protection from fire (left hand)
 W - a +4 ring of slaying
 Z - a +4 ring of protection
Wands
 q - a wand of digging (10)
 G - a wand of iceblast (3)
Scrolls
 g - 2 scrolls of silence
 k - 8 scrolls of poison
 m - 3 scrolls of immolation
 n - 7 scrolls of fear
 t - 11 scrolls of teleportation (quivered)
 u - a scroll of brand weapon
 z - 17 scrolls of identify
 B - 6 scrolls of magic mapping
 M - 4 scrolls of fog
 N - 6 scrolls of blinking
 O - 4 scrolls of noise
 V - 4 scrolls of enchant armour
 X - 3 scrolls of vulnerability
Potions
 c - 3 potions of heal wounds
 f - 26 potions of curing
 p - 6 potions of lignification
 r - 6 potions of attraction
 x - 3 potions of berserk rage
 C - 9 potions of invisibility
 D - 7 potions of mutation
 E - 8 potions of flight
 F - 8 potions of might
 I - 3 potions of ambrosia
 S - 7 potions of haste
 Y - 2 potions of cancellation
Miscellaneous
 L - a phial of floods
 T - a phantom mirror


   Skills:
 O Level 27 Fighting
 - Level 14.8 Maces & Flails
 + Level 5.5 Throwing
 + Level 22.2 Armour
 - Level 4.0 Dodging
 + Level 22.1 Shields


You had 19 spell levels left.
You didn't know any spells.
Your spell library was empty.

Dungeon Overview and Level Annotations

Branches:
Dungeon (15/15)            Temple (0/1) D:7            Lair (5/5) D:8
  Swamp (4/4) Lair:3        Snake (4/4) Lair:2        Slime (0/5) Lair:5
    Orc (2/2) D:9             Elf (3/3) Orc:2        Vaults (2/5) D:13
 Depths (0/4) D:15          Sewer (visited)         Ossuary (visited)
  Crypt: Vaults:2-3

Altars:
Dithmenos
Elyvilon
Fedhas
Gozag
Makhleb
Nemelex Xobeh
Okawaru
Qazlal
Sif Muna
Uskayaw
Yredelemnul
Zin
Jiyva

Shops:
D:6 [   D:14 *[*([   Orc:2 !*(*   Elf:3 (*::   Vaults:1 ?*(*


Innate Abilities, Weirdness & Mutations

You have a pair of horns on your head.
You reflexively headbutt those who attack you in melee.


Message History

The slime creature hits your troll!!
Your troll bites the titanic slime creature!!
Your troll claws the titanic slime creature! x2
Your troll bites the titanic slime creature.
Your troll claws the titanic slime creature.
Your troll barely misses the titanic slime creature.
Something barely misses your troll. Something hits your troll.
Your troll bites the lindwurm!
Your troll claws the lindwurm but does no damage.
Your troll claws the lindwurm.
The titanic slime creature attacks as you move away!
You block the titanic slime creature's attack.
You feel yourself speed up.
You hear a shout! x2
The titanic slime creature hits you!! Something hits your troll! x2
Your troll dies!
Your troll's corpse disappears in a puff of smoke!
You are too injured to fight recklessly!
You are too injured to fight recklessly!
You thrash the titanic slime creature!!
The titanic slime creature is moderately wounded.
You thrash the titanic slime creature!!
You headbutt the titanic slime creature.
The titanic slime creature is moderately wounded.
You block the titanic slime creature's attack.
The vault sentinel blows a loud note on a signal horn!
You thrash the titanic slime creature!!
The titanic slime creature is heavily wounded.
You whack the titanic slime creature!
You headbutt the titanic slime creature, but do no damage.
The titanic slime creature is heavily wounded.
You block the titanic slime creature's attack.
You whack the titanic slime creature!
You headbutt the titanic slime creature!
The titanic slime creature is heavily wounded.
You barely miss the titanic slime creature.
Your headbutt misses the titanic slime creature.
The titanic slime creature is heavily wounded.
The titanic slime creature hits you!!!!
You die...

..# #))# ..# #)[#
..# #kp# ..# #.k#
######## #######pc#
.......# .......k.#
.).....# ......§Jp#
)#.#.#.#
#######p###
.......#
#..@Jk....#
...#...#
#..#+#....#
...#...#
#..#.####.#
.......# #..#.# .#
######'#######.####
.# #.......^'.# #
#........'.#
#........#....#
#........#......


You could see a titanic slime creature (summoned), a lindwurm (summoned) and an
ironbound convoker.

Vanquished Creatures
  Mara (Snake:4)
  the Lernaean hydra (Swamp:4)
  Nikola (Snake:4)
  A bone dragon (Abyss:2)
  Rupert (D:13)
  2 deep elf blademasters
  A deep elf master archer (Elf:3)
  2 sphinxes
  A shadow dragon (D:12)
  A thorn hunter (Swamp:2)
  A storm dragon (D:12)
  Donald (Swamp:2)
  Roxanne (Swamp:2)
  4 nagarajas
  6 deep elf sorcerers
  2 orc warlords
  Aizul (Snake:4)
  6 deep elf elementalists
  6 ironbound preservers (Vaults:1)
  4 very ugly things (Abyss:2)
  6 ironbound thunderhulks
  Nessos (D:12)
  5 deep elf demonologists (Elf:3)
  6 deep elf annihilators
  7 eleionomae
  Azrael (D:12)
  4 bunyips
  3 ettins (D:12)
  5 deep elf death magi
  A shambling mangrove (Swamp:3)
  A crystal guardian (Vaults:1)
  Snorg (D:12)
  A fire dragon (Lair:5)
  10 yaktaur captains
  An entropy weaver (shapeshifter) (D:13)
  5 deep elf high priests
  A great orb of eyes (Vaults:1)
  Erolcha (D:9)
  2 ogre magi (Orc:2)
  Harold (D:9)
  A rakshasa (D:14)
  24 hydras
  5 centaur warriors
  A peacekeeper (Vaults:1)
  A ghost crab (Swamp:1)
  6 ironbound frosthearts
  2 salamander tyrants (Snake:4)
  9 naga warriors
  11 anacondas
  10 boulder beetles
  11 two-headed ogres
  9 alligators
  An orc high priest (Elf:1)
  5 tengu warriors
  16 dancing weapons
  5 shock serpents
  A hell knight (D:15)
  9 deep elf knights
  A thrashing horror (Abyss:2)
  12 naga sharpshooters
  A wretched star (Abyss:2)
  Amaemon (Lair:1)
  8 salamander mystics
  A deep troll (shapeshifter) (D:15)
  A skyshark (Lair:5)
  3 skeletal warriors (D:14)
  A death drake (Abyss:2)
  A glowing orange brain (Vaults:1)
  3 spriggan druids
  6 goliath frogs
  23 deep trolls
  3 sea snakes (Snake:3)
  4 naga ritualists
  3 wizards
  4 bog bodies
  15 slime creatures
  4 deep elf archers
  4 ironbound convokers
  4 lindwurms
  A harpy (Vaults:2)
  13 deep elf zephyrmancers
  The ghost of Pandrake the Chopper, a novice DgFi (D:6)
  8 swamp dragons
  2 phantasmal warriors
  2 orc sorcerers
  12 deep elf pyromancers
  11 orc knights
  2 wolf spiders (Lair:5)
  10 ugly things
  2 manticores
  8 mana vipers
  5 cyclopes
  A will-o-the-wisp (Swamp:2)
  31 salamanders
  44 black mambas
  4 elephants (Lair:4)
  A guardian serpent (Lair:5)
  Maurice (D:12)
  5 vault sentinels (Vaults:1)
  2 unseen horrors
  4 torpor snails (Lair:5)
  12 naga magi
  An orange demon (Lair:1)
  16 cane toads
  7 komodo dragons
  26 yaktaurs
  5 large abominations (Abyss:2)
  2 rime drakes (Lair:1)
  2 tengu conjurers
  An efreet (D:13)
  3 meliai (D:14)
  10 trolls
  4 polar bears
  A wind drake (shapeshifter) (D:14)
  19 blink frogs
  14 hornets
  12 tyrant leeches
  A harpy skeleton (Abyss:2)
  14 raiju (Abyss:2)
  7 dream sheep (Lair:5)
  9 flying skulls (Abyss:2)
  Sigmund (D:5)
  10 spriggans
  2 shadows
  3 air elementals (Elf:1)
  A wraith (D:12)
  2 water elementals
  2 ynoxinuls (Abyss:2)
  A vampire (D:13)
  51 yaks
  Eustachio (D:5)
  4 fire elementals
  21 wyverns
  A basilisk (shapeshifter) (D:12)
  2 steam dragons (D:8)
  3 hogs (Lair:4)
  17 humans
  3 small abominations (Abyss:2)
  3 basilisks
  3 redbacks (Lair:5)
  7 wargs
  11 vampire mosquitoes
  39 nagas
  Edmund (D:5)
  14 swamp worms
  2 acid dragons
  28 water moccasins
  3 hell hounds (D:12)
  A water moccasin (shapeshifter) (D:14)
  6 swamp drakes
  A meliai simulacrum (D:14)
  31 orc warriors
  An ice beast (D:7)
  A black bear (D:8)
  22 ogres
  A black bear (shapeshifter) (D:14)
  3 wolves
  2 boggarts
  10 centaurs
  Blork the orc (D:5)
  4 bullfrogs
  3 gnoll sergeants
  6 scorpions
  3 earth elementals
  A water moccasin zombie (Ossuary)
  4 wights
  4 killer bees (D:10)
  5 howler monkeys
  5 electric eels
  A centaur zombie (Ossuary)
  A lava snake (Snake:4)
  A quasit (Abyss:2)
  Crazy Yiuf (D:3)
  8 jellies
  2 bullfrog zombies (Ossuary)
  5 hounds
  14 orc priests
  An iron imp (Abyss:2)
  15 orc wizards
  3 iguanas
  6 hell rats
  Robin (D:2)
  24 gnolls
  3 river rats (Sewer)
  10 adders
  2 white imps
  4 adder zombies (Ossuary)
  2 worms
  2 dart slugs
  64 orcs
  3 bats
  5 endoplasms
  4 giant cockroaches
  19 goblins
  8 hobgoblins
  7 jackals
  7 kobolds
  8 quokkas
  6 ball pythons
  2 frilled lizards
  4 gnoll zombies (Ossuary)
  A goblin zombie (Ossuary)
  5 hobgoblin zombies (Ossuary)
  2 orc zombies (Ossuary)
  10 rats
  A plant (Lair:5)
1286 creatures vanquished.

Vanquished Creatures (collateral kills)
  A deep elf master archer (Elf:3)
  Kirke (Lair:4)
  A deep elf high priest (Elf:3)
  A hydra (Swamp:4)
  A fire crab (Lair:4)
  A necromancer (D:15)
  An orc knight (Orc:1)
  2 swamp dragons (Swamp:4)
  A mana viper (Snake:3)
  A cane toad (Lair:2)
  A torpor snail (Lair:5)
  A blink frog (Lair:1)
  6 yaks
  A naga (Snake:4)
  A swamp worm (Swamp:4)
  An orc warrior (Orc:1)
  A boggart (Vaults:2)
  A bullfrog (Lair:1)
  An orc (Orc:1)
  A spectral weapon (Swamp:4)
26 creatures vanquished.

Vanquished Creatures (others)
  A deep elf zephyrmancer (Elf:1)
  A deep elf pyromancer (Elf:1)
  A bloated husk (Swamp:2)
  A raiju (Abyss:2)
  A fire elemental (D:12)
  A swamp worm (Swamp:1)
  A small abomination (Abyss:2)
  4 orcs (Orc:1)
  4 briar patches (Swamp:2)
  2 foxfires (Swamp:2)
  20 fungi
  66 plants
103 creatures vanquished.

Grand Total: 1415 creatures vanquished

Notes
Turn   | Place    | Note
-------+----------+-------------------------------------------
     0 | D:1      | realgeorgebush46 the Minotaur Berserker began the quest for
                  | the Orb.
     0 | D:1      | Reached XP level 1. HP: 19/19 MP: 0/0
   199 | D:1      | Reached XP level 2. HP: 27/27 MP: 1/1
   262 | D:1      | Reached skill level 4 in Fighting
   498 | D:1      | Reached XP level 3. HP: 30/33 MP: 2/2
   905 | D:2      | Reached ** piety under Trog
   906 | D:2      | Reached XP level 4. HP: 41/41 MP: 3/3
  1065 | D:2      | Noticed Robin
  1070 | D:2      | Killed Robin
  1290 | D:3      | Noticed a scorpion
  1296 | D:3      | Killed a scorpion
  1297 | D:3      | Reached skill level 5 in Fighting
  1297 | D:3      | Reached skill level 5 in Maces & Flails
  1297 | D:3      | Reached XP level 5. HP: 48/48 MP: 4/4
  1631 | D:3      | Reached *** piety under Trog
  1754 | D:3      | Found a blossoming altar of Fedhas.
  1756 | D:3      | Found a glowing silver altar of Zin.
  1905 | D:3      | Found a runed translucent door.
  1906 | D:3      | Noticed Crazy Yiuf
  1915 | D:3      | Killed Crazy Yiuf
  2081 | D:4      | Reached XP level 6. HP: 56/56 MP: 5/5
  2364 | D:4      | Found a burning altar of Makhleb.
  2441 | D:4      | Found an iron altar of Okawaru.
  3112 | D:5      | Entered Level 5 of the Dungeon
  3133 | D:5      | Found a glowing drain.
  3144 | Sewer    | Entered a sewer
  3166 | Sewer    | Reached XP level 7. HP: 56/61 MP: 6/6
  3212 | Sewer    | Reached skill level 5 in Armour
  3216 | Sewer    | Reached **** piety under Trog
  3302 | D:5      | Noticed Blork the orc
  3306 | D:5      | Killed Blork the orc
  3350 | D:5      | Noticed Sigmund
  3356 | D:5      | Killed Sigmund
  3357 | D:5      | Reached skill level 1 in Throwing
  3388 | D:5      | Noticed Eustachio
  3402 | D:5      | Noticed Edmund
  3407 | D:5      | Killed Eustachio
  3408 | D:5      | Reached skill level 6 in Fighting
  3414 | D:5      | Reached XP level 8. HP: 70/70 MP: 7/7
  3417 | D:5      | Killed Edmund
  3610 | D:5      | Found a basalt altar of Yredelemnul.
  3669 | D:5      | Found a transporter.
  3677 | D:5      | Found a transporter.
  4022 | D:6      | Identified the +1 short sword of Hailopt {elec, rPois rN++
                  | Str+2 Int-5}
  4208 | D:6      | Found a hide-covered altar of Uskayaw.
  4211 | D:6      | Found a shadowy altar of Dithmenos.
  4237 | D:6      | Noticed Pandrake's ghost (novice DgFi)
  4238 | D:6      | Found a transporter.
  4238 | D:6      | Identified the +9 giant club "Dilepuom" {drain, rElec}
  4238 | D:6      | Identified the +11 great mace of Chance {venom, Fly rC+
                  | Str-2}
  4238 | D:6      | Noticed a two-headed ogre
  4272 | D:6      | Reached skill level 7 in Fighting
  4325 | D:6      | Found an opulent altar of Gozag.
  4407 | D:6      | Reached XP level 9. HP: 79/79 MP: 8/8
  4655 | D:6      | Found Jaluir's Armour Boutique.
  4846 | D:6      | Found a sparkling altar of Nemelex Xobeh.
  4916 | D:7      | Found a staircase to the Ecumenical Temple.
  5188 | D:7      | Reached skill level 10 in Maces & Flails
  5598 | D:7      | Reached skill level 5 in Throwing
  5907 | D:8      | Found a sand-covered staircase.
  5912 | Ossuary  | Entered an ossuary
  6061 | Ossuary  | Noticed a silent spectre
  6358 | D:8      | Reached ***** piety under Trog
  6397 | D:8      | Reached XP level 10. HP: 88/88 MP: 9/9
  6484 | D:8      | Found a staircase to the Lair.
  6489 | D:8      | Identified the +1 buckler of Vateut {Str+3}
  6506 | D:8      | Reached skill level 8 in Fighting
  6964 | D:8      | Reached skill level 1 in Shields
  7738 | Lair:1   | Entered Level 1 of the Lair of Beasts
  8099 | Lair:1   | Noticed a cane toad
  8106 | Lair:1   | Killed a cane toad
  8108 | Lair:1   | Reached skill level 10 in Armour
  8149 | Lair:1   | Reached XP level 11. HP: 95/95 MP: 10/10
  8183 | Lair:1   | Noticed a boulder beetle
  8189 | Lair:1   | Reached skill level 9 in Fighting
  8223 | Lair:1   | Killed a boulder beetle
  8224 | Lair:1   | Reached skill level 5 in Shields
  8838 | Lair:1   | Noticed Amaemon
  8857 | Lair:1   | Killed Amaemon
  9298 | Lair:2   | Reached skill level 10 in Fighting
  9691 | Lair:2   | Found a staircase to the Snake Pit.
  9767 | Lair:2   | Reached XP level 12. HP: 108/108 MP: 11/11
  9770 | Lair:2   | Reached skill level 11 in Fighting
 10496 | Lair:3   | You fall into a shaft and drop 1 floor!
 10523 | Lair:4   | Reached skill level 12 in Fighting
 10850 | Lair:4   | Noticed a seven-headed hydra
 10862 | Lair:4   | Killed a seven-headed hydra
 10953 | Lair:4   | Noticed a seven-headed hydra
 10969 | Lair:4   | Killed a seven-headed hydra
 11031 | Lair:4   | Noticed Kirke
 11041 | Lair:4   | Reached skill level 13 in Fighting
 11044 | Lair:4   | Killed Kirke
 11345 | Lair:4   | Reached skill level 14 in Fighting
 11712 | Lair:3   | Identified the +10 mace "Faok" {drain, rN+ SInv Stlth+}
 11748 | Lair:3   | Received a gift from Trog
 11769 | Lair:3   | Noticed a boulder beetle
 11785 | Lair:3   | Killed a boulder beetle
 11939 | Lair:3   | Noticed a seven-headed hydra
 11940 | Lair:3   | Found a staircase to the Swamp.
 11947 | Lair:3   | Killed a seven-headed hydra
 11948 | Lair:3   | Reached XP level 13. HP: 118/125 MP: 12/12
 12586 | Lair:5   | Entered Level 5 of the Lair of Beasts
 12807 | Lair:5   | Reached skill level 15 in Fighting
 13149 | Lair:5   | Reached skill level 16 in Fighting
 13389 | Lair:5   | Found a runed translucent door.
 13390 | Lair:5   | Noticed a fire dragon
 13424 | Lair:5   | Reached skill level 15 in Armour
 13427 | Lair:5   | Paralysed by a hornet for 1 turns
 13450 | Lair:5   | Reached skill level 17 in Fighting
 13951 | Lair:5   | Found a viscous altar of Jiyva.
 13951 | Lair:5   | Found a staircase to the Slime Pits.
 14097 | Lair:5   | Received a gift from Trog
 14117 | Lair:5   | Reached XP level 14. HP: 135/141 MP: 13/13
 14242 | Lair:5   | Reached skill level 18 in Fighting
 14995 | Lair:5   | Identified the +0 ring mail of the Unbroken {Str+3 Slay+3}
 15554 | D:9      | Found a staircase to the Orcish Mines.
 15770 | D:9      | Found a stormy altar of Qazlal.
 15817 | D:9      | Found a shimmering blue altar of Sif Muna.
 15907 | D:9      | Noticed Harold
 15915 | D:9      | Killed Harold
 16060 | D:9      | Found a white marble altar of Elyvilon.
 16145 | Orc:1    | Entered Level 1 of the Orcish Mines
 16248 | Orc:1    | Noticed an orc warlord
 16249 | Orc:1    | Noticed Erolcha
 16915 | D:9      | Killed Erolcha
 16915 | D:9      | Received a gift from Trog
 17685 | Orc:1    | Killed an orc warlord
 17959 | Orc:1    | Reached skill level 19 in Fighting
 18327 | Orc:2    | Entered Level 2 of the Orcish Mines
 19312 | Orc:2    | Reached skill level 20 in Fighting
 19666 | Orc:2    | Found Nyqear's General Store.
 19667 | Orc:2    | Found Dytyts's General Store.
 19667 | Orc:2    | Found a staircase to the Elven Halls.
 19849 | Orc:2    | Found Neabuysi's Distillery.
 19850 | Orc:2    | Bought a scroll of identify for 26 gold pieces
 19855 | Orc:2    | Bought a scroll of identify for 28 gold pieces
 19857 | Orc:2    | Found Viggeten's Antique Weapon Boutique.
 19861 | Orc:2    | Bought a potion of attraction for 42 gold pieces
 19861 | Orc:2    | Bought a potion of ambrosia for 112 gold pieces
 20197 | D:10     | Entered Level 10 of the Dungeon
 20312 | D:10     | Identified the +5 ring mail "Duelai" {rElec rCorr Stlth+}
 20377 | D:10     | Reached XP level 15. HP: 157/157 MP: 14/14
 20915 | D:11     | Received a gift from Trog
 21423 | D:11     | Reached skill level 21 in Fighting
 21745 | D:12     | Noticed Snorg
 21757 | D:12     | Killed Snorg
 21850 | D:12     | Noticed Maurice
 21860 | D:12     | Killed Maurice
 21972 | D:12     | Noticed Azrael
 21972 | D:12     | Noticed Nessos
 22016 | D:12     | Killed Azrael
 22050 | D:13     | Noticed Rupert
 22050 | D:13     | Found a gate to the Vaults.
 22365 | D:12     | Noticed a storm dragon
 22367 | D:12     | Noticed a shadow dragon
 22415 | D:12     | Identified a scroll of acquirement
 22523 | D:12     | Killed Nessos
 22675 | D:12     | Paralysed by a yaktaur for 4 turns
 22705 | D:12     | Killed a storm dragon
 22797 | D:12     | Reached skill level 22 in Fighting
 22888 | D:12     | Killed a shadow dragon
 23490 | D:13     | Identified the +2 mace of Huator {heavy, rC++ rN+++ Int-5
                  | Dex-2} (Trog gifted it to you on level 13 of the Dungeon)
 23490 | D:13     | Received a gift from Trog
 23566 | D:13     | Killed Rupert
 24215 | D:14     | Reached skill level 23 in Fighting
 24490 | D:14     | Found Verphar's Armour Shop.
 24681 | D:14     | Found Ryih's Weapon Shop.
 24706 | D:14     | Found Wystrehass's Assorted Antiques.
 24711 | D:14     | Bought 2 scrolls of teleportation for 168 gold pieces
 24711 | D:14     | Bought a scroll of teleportation for 84 gold pieces
 24872 | D:14     | Found Roatiure's Antique Armour Shoppe.
 24879 | D:14     | Bought a brightly glowing scarf for 220 gold pieces
 24879 | D:14     | Identified the scarf "Piacon" {harm, Int+7} (You bought it
                  | in a shop on level 14 of the Dungeon)
 24902 | D:14     | Found Keliozips's Assorted Antiques.
 24909 | D:14     | Bought a large cabochon ring for 190 gold pieces
 25408 | D:15     | Entered Level 15 of the Dungeon
 25423 | D:15     | Reached XP level 16. HP: 170/172 MP: 15/15
 26033 | D:15     | Found a staircase to the Depths.
 26633 | Snake:1  | Entered Level 1 of the Snake Pit
 26905 | Snake:1  | Reached skill level 24 in Fighting
 27756 | D:6      | Found a transporter.
 27768 | D:6      | Killed Pandrake's ghost
 29748 | Snake:3  | Reached skill level 10 in Shields
 29788 | Snake:3  | Reached skill level 25 in Fighting
 30316 | Snake:3  | Reached XP level 17. HP: 152/185 MP: 16/16
 30632 | Snake:4  | Entered Level 4 of the Snake Pit
 30696 | Snake:4  | Received a gift from Trog
 31195 | Snake:4  | Noticed Aizul
 31212 | Snake:4  | Killed Aizul
 31802 | Snake:4  | Noticed Mara
 31822 | Snake:4  | Noticed realgeorgebush46's illusion
 31832 | Snake:4  | Killed Mara
 32036 | Snake:4  | Reached skill level 26 in Fighting
 32335 | Snake:4  | Noticed Nikola
 32350 | Snake:4  | Killed Nikola
 33185 | Snake:4  | Got a serpentine rune of Zot
 33363 | Swamp:1  | Entered Level 1 of the Swamp
 33854 | Swamp:1  | Identified the +1 pair of boots of Sin {Str-3 Int+4}
 34283 | Swamp:2  | Noticed Donald
 34294 | Swamp:2  | Killed Donald
 34563 | Swamp:2  | Noticed Roxanne
 34820 | Swamp:2  | Killed Roxanne
 34877 | Swamp:2  | Received a gift from Trog
 34887 | Swamp:2  | Reached XP level 18. HP: 103/199 MP: 17/17
 35733 | Swamp:3  | Reached ****** piety under Trog
 36316 | Swamp:4  | Entered Level 4 of the Swamp
 36371 | Swamp:4  | Reached skill level 27 in Fighting
 36819 | Swamp:4  | Noticed the 27-headed Lernaean hydra
 36830 | Swamp:4  | Reached skill level 15 in Shields
 37312 | Swamp:4  | Killed the 26-headed Lernaean hydra
 37601 | Swamp:4  | Got a decaying rune of Zot
 37873 | Elf:1    | Entered Level 1 of the Elven Halls
 38090 | Elf:1    | Found a flickering gateway to a bazaar.
 38097 | Bazaar   | Entered a bazaar
 38247 | Bazaar   | Found Dobbunk's Weapon Boutique.
 38251 | Bazaar   | Found Bymega's Antique Armour Boutique.
 38251 | Bazaar   | Found Wounwup's Antique Armour Boutique.
 38252 | Bazaar   | Found Aliuseb's Weapon Boutique.
 38277 | Bazaar   | Bought a glowing kite shield for 195 gold pieces
 38277 | Bazaar   | Acquired the +2 pair of boots of Temperance {rC++}
 38389 | Elf:1    | Found a runed translucent gate.
 38390 | Elf:1    | Found a runed translucent gate.
 38390 | Elf:1    | Found a runed translucent gate.
 38424 | Elf:1    | Paralysed by an air elemental for 1 turns
 39023 | Elf:1    | Paralysed by an air elemental for 1 turns
 39133 | Elf:1    | Paralysed by an air elemental for 1 turns
 39139 | Elf:1    | Paralysed by an air elemental for 1 turns
 39569 | Elf:1    | Identified the +1 scale mail "Wobusche" {Will+ Str+3
                  | Slay-5}
 39778 | Elf:2    | Received a gift from Trog
 39820 | Elf:3    | Entered Level 3 of the Elven Halls
 39944 | Elf:3    | Found Fex Bisi's Book Boutique.
 39981 | Elf:3    | Found Ohiusu Ziyv's Assorted Antiques.
 39995 | Elf:3    | Found Gugy's Book Shoppe.
 39997 | Elf:3    | Bought a scroll of enchant weapon for 330 gold pieces
 40060 | Elf:3    | Found Turemp's Weapon Shoppe.
 40096 | Elf:3    | Identified the +3 short sword "Ytziap" {venom, +Blink rC+
                  | Int-4}
 40727 | Elf:2    | Reached XP level 19. HP: 207/207 MP: 18/18
 40833 | Abyss:2  | Cast into level 2 of the Abyss (a deep elf demonologist)
 41012 | Abyss:2  | Found a corrupted altar of Lugonu.
 41145 | Abyss:2  | Noticed a bone dragon
 41165 | Abyss:2  | Killed a bone dragon
 41178 | Abyss:2  | Identified the +9 dire flail of Pride {heavy, rElec rC+}
                  | (Trog gifted it to you on level 2 of the Abyss)
 41178 | Abyss:2  | Received a gift from Trog
 41209 | Abyss:2  | Found a corrupted altar of Lugonu.
 41234 | Abyss:2  | Found a corrupted altar of Lugonu.
 41261 | Elf:3    | Escaped the Abyss
 43325 | Elf:3    | Noticed a Brimstone Fiend
 44004 | Elf:3    | Identified the +7 chain mail "Josm" {-Tele rF+ rN++ Regen+}
 44266 | Elf:3    | Found the amulet of the Air {Inacc Air Fly rElec RMsl}
 44285 | Elf:3    | Identified the ring "Qeokh" {Fly rElec rPois Dex+3}
 44288 | Elf:3    | Identified the ring of Trepidation {+Blink rN+ Int+3}
 44406 | Elf:3    | Identified the +5 spear of the Known World {heavy, Int+5}
 44859 | Vaults:1 | Entered Level 1 of the Vaults
 44978 | Vaults:1 | Received a gift from Trog
 45176 | Vaults:1 | Found Siosh's General Store.
 45206 | Vaults:1 | Found Oheutt's Weapon Emporium.
 45426 | Vaults:1 | Found Viffayh's General Store.
 45707 | Vaults:1 | You are sucked into a shaft and drop 1 floor!
 45729 | Vaults:2 | Reached XP level 20. HP: 216/216 MP: 19/19
 45914 | Vaults:2 | Received a gift from Trog
 45914 | Vaults:2 | Found the +10 zealot's sword {holy, Zealotry, *Rage rN+
                  | EV+3}
 45954 | Vaults:1 | Found Allel's Magic Scroll Shoppe.
 45959 | Vaults:1 | Bought a scroll of acquirement for 832 gold pieces
 46745 | Vaults:1 | Acquired a scarf of repulsion
 46810 | Vaults:2 | Paralysed by a sphinx for 4 turns
 46864 | Vaults:2 | Received a gift from Trog
 46945 | Vaults:2 | Slain by a titanic slime creature

Illustrated notes

Levels and vault maps discovered:
D:1:      dpeg_arrival_water_temple_mockup, layout_basic, serial_park_tiny_2
D:2:      layout_basic, chequers_serial_rivers_small_a, due_unseen_surprise,
          uniq_robin
D:3:      layout_basic, gammafunk_temple_overflow_pools, grunt_ministairs_13,
          uniq_crazy_yiuf_cottage
D:4:      layout_basic, okawaru_gym_becter, makhleb_heckhound_becter,
          minmay_misc_feat_tower
D:5:      layout_loops_ring, gammafunk_temple_overflow_arena,
          gup_sewer_entry_pipe, uniq_edmund, uniq_blork_the_orc, uniq_eustachio,
          uniq_sigmund
D:6:      layout_loops_ring, nemelex_diamond_rough_becter,
          mainiacjoe_overflow_divided_tiny, grunt_gozag_breadcrumbs,
          serial_shops, nicolae_shop_tiny_waterfront, gammafunk_ghost_smash,
          minmay_misc_feat_diagonals
D:7:      layout_loops_corners, minmay_temple_entry_statues,
          kennysheep_cross_bottleneck
D:8:      layout_loops_ring, minmay_lair_entry_grove, enter_ossuary_2
D:9:      layout_rooms, nicolae_elyvilon_temple_path,
          nicolae_qazlal_eye_of_the_storm, mainiacjoe_overflow_small_starburst,
          erik_orc_4, uniq_harold
D:10:     layout_stronghold
D:11:     layout_gridville, minivault_26, grunt_ministairs_14,
          minmay_misc_feat_alley
D:12:     minmay_tile_spiral, layout_rooms, uniq_snorg, uniq_azrael,
          uniq_maurice, uniq_nessos
D:13:     layout_loops_ring, david_vaults_3
D:14:     layout_loops_corners, serial_shops, shop, shop, nicolae_shop_stone,
          shop, shop, minivault_19, nicolae_burly_brawl, uniq_rupert
D:15:     hangedman_depths_entry_civil_slaughter, layout_gridville,
          nicolae_BIG_FREAKIN_CUBE
Lair:1:   layout_gridlike, serial_bayou_shore_b, uniq_amaemon
Lair:2:   layout_hall_layers, guppyfry_snake_entry_island
Lair:3:   layout_roguey, minmay_swamp_entry_reptiles, lemuel_fruit_fields,
          grunt_megastairs_4
Lair:4:   layout_gridlike, uniq_kirke
Lair:5:   hangedman_lair_tendril_chambers, layout_regular_city, wormcave,
          nicolae_slime_entry_field_trip
Swamp:1:  layout_basic_swamp, nicolae_swamp_little_swirl, swamp_pool2,
          nicolae_swamp_stuck_in_the_mud
Swamp:2:  nicolae_swamp_ascending_descending, layout_falls_marsh,
          evilmike_swamp_ruin_house_6, uniq_roxanne, uniq_donald
Swamp:3:  nicolae_swamp_wrong_neighborhood, layout_basic_swamp,
          evilmike_swamp_ruin_rubble_2, swamp_pool3
Swamp:4:  swamp_old_school, layout_basic_swamp
Snake:1:  layout_grid_shapes, st_stairs_12, serial_bayou_pond_d
Snake:2:  layout_misc_corridors
Snake:3:  layout_misc_corridors, serial_bayou_shore_a
Snake:4:  minmay_snake_end_coiled, layout_chambers,
          nicolae_snake_salamander_zone, uniq_nikola, uniq_aizul, uniq_mara
Orc:1:    layout_caves, special_room [special_room_orc],
          nicolae_orc_flooded_monolith, uniq_erolcha
Orc:2:    st_orc_open, layout_diamond_mine
Elf:1:    minmay_elf_arrival_plus, layout_gridlike, serial_shops,
          bzr_entry_water, evilmike_minifort,
          nicolae_gammafunk_elf_defective_weapons_storage, grunt_megastairs_1
Elf:2:    nicolae_elf_blades_crystal_corner, layout_gridlike, serial_shops,
          nicolae_shop_tiny_statue_garden, minivault_19
Elf:3:    minmay_elf_hall_four_x, layout_gridlike, serial_shops, shop, shop,
          shop, shop, dreamdust_wishing_well
Vaults:1: nicolae_vaults_swerve, nicolae_vaults_apartment_2,
          nicolae_vaults_closet_pinwheel_3, v_rooms_2, v_pattern_5,
          nicolae_vaults_big_ls, vaults_room_semicircle,
          nicolae_vaults_fighting_squares, v_misc_14, nicolae_vaults_theta,
          vaults_room_boxed, nicolae_vaults_three_branches,
          nicolae_vaults_diagonal_hallway_7, vaults_room_semicircle,
          layout_vaults_maze, serial_shops, nicolae_shop_hallway_plus,
          nicolae_shop_tiny_real_fake_doors, shop, shop_coins
Vaults:2: nicolae_vaults_corpse_flower, v_misc_3, nicolae_vaults_lightning_bolt,
          v_misc_5, nicolae_vaults_more_shelving_1, vaults_mumra_hexcomb,
          nicolae_vaults_closet_pinwheel_1, hangedman_vaults_nails, v_misc_24,
          nicolae_vaults_trapezoid_lopsided_3,
          nicolae_vaults_storage_room_doors, layout_vaults_big_cross

Skill      XL: |  1  2  3  4  5  6  7  8  9 10 11 12 13 14 15 16 17 18 19 20 |
---------------+-------------------------------------------------------------+-----
Maces & Flails | 4 5 6 7 9 11 13 14 | 14.8
Fighting       | 4 5 6 7 8 10 14 17 20 23 25 26 27 | 27.0
Dodging        | 3 4 |  4.0
Armour         | 3 4 6 7 8 10 11 13 15 16 17 18 19 20 22 | 22.2
Throwing       | 2 4 5 |  5.5
Shields        | 4 7 10 13 17 20 22 | 22.1

Action                     |  1- 3 |  4- 6 |  7- 9 | 10-12 | 13-15 | 16-18 | 19-21 || total
---------------------------+-------+-------+-------+-------+-------+-------+-------++-------
  Melee: Mace              |    59 |     3 |       |       |       |       |       ||    62
         Headbutt          |    10 |    23 |    38 |   122 |   395 |   380 |   324 ||  1292
         Flail             |       |   150 |   169 |       |       |       |       ||   319
         Punch             |       |     3 |     3 |       |       |       |       ||     6
         Morningstar       |       |       |    57 |       |       |       |       ||    57
         Eveningstar       |       |       |    49 |   206 |       |       |       ||   255
         Demon whip        |       |       |       |   307 |  1485 |  1555 |  1028 ||  4375
 Invoke: Berserk           |     1 |     4 |     2 |       |     5 |     6 |     1 ||    19
         Trog's Hand       |       |       |     1 |     1 |     6 |     5 |       ||    13
         Brothers in Arms  |       |       |       |     3 |     6 |    10 |     3 ||    22
    Use: Scroll            |       |       |     9 |     4 |    16 |    21 |     2 ||    52
         Potion            |       |       |       |     3 |     4 |     9 |       ||    16
   Stab: Distracted        |       |       |       |     1 |       |       |       ||     1
 Armour: Chain mail        |    44 |    15 |       |       |       |       |       ||    59
         Plate armour      |       |    35 |   113 |   156 |   345 |   534 |   220 ||  1403
         Storm dragon scal |       |       |       |       |       |    31 |   114 ||   145
  Dodge: Dodged            |    42 |    97 |   216 |   369 |   885 |   667 |   152 ||  2428
  Block: Buckler           |       |       |       |   113 |   330 |    20 |       ||   463
         Reflection        |       |       |       |       |     2 |    90 |    66 ||   158
         Kite shield       |       |       |       |       |       |   902 |   663 ||  1565
